 Dungeon Crawl Stone Soup version 0.21.1-1-g345015f (webtiles) character file.

884 Kairos the Chopper (level 8, -6/60 HPs)
             Began as a Human Fighter on Apr 1, 2018.
             Mangled by an ogre
             ... wielding a +0 giant spiked club
              (21 damage)
             ... on level 4 of the Dungeon.
             The game lasted 00:11:58 (4838 turns).

Kairos the Chopper (Human Fighter)                  Turns: 4838, Time: 00:11:58

Health: -6/60      AC: 13    Str: 16    XL:     8   Next: 26%
Magic:  8/8        EV:  8    Int: 10    God:
Gold:   225        SH:  9    Dex: 11    Spells: 7/7 levels left

rFire    . . .     SeeInvis +   a - +3 war axe
rCold    . . .     Gourm    .   c - +0 shield
rNeg     . . .     Faith    .   b - +0 scale mail
rPois    .         Spirit   .   e - +2 helmet {SInv}
rElec    .         Reflect  .   r - +0 cloak
rCorr    .         Harm     .   s - +0 pair of gloves
MR       .....                  (no boots)
Stlth    ..........             (no amulet)
HPRegen  0.20/turn              x - -3 ring of dexterity (curse)
MPRegen  0.11/turn              k - ring of loudness (curse)

@: no status effects
A: no striking features
a: no special abilities


You were on level 4 of the Dungeon.
You were not hungry.

You visited 1 branch of the dungeon, and saw 4 of its levels.

You collected 225 gold pieces.

Inventory:

Hand Weapons
 a - a +3 war axe (weapon)
Missiles
 m - 3 tomahawks
 u - 5 throwing nets (quivered)
Armour
 b - a +0 scale mail (worn)
 c - a +0 shield (worn)
 e - a +2 helmet of see invisible (worn)
 r - a +0 cloak (worn)
 s - a +0 pair of gloves (worn)
Jewellery
 k - a cursed ring of loudness (right hand)
 p - a +1 ring of protection
 x - a cursed -3 ring of dexterity (left hand)
Scrolls
 g - 2 scrolls of teleportation
 t - a scroll of fog
 v - a scroll of identify
Potions
 d - a potion of might
 h - a potion of haste {unknown}
 i - a potion of flight {unknown}
 j - 5 potions of curing
 l - 3 potions of lignification
 n - a potion of magic {unknown}
 o - 2 potions of heal wounds {unknown}
 q - a potion of agility {unknown}
 z - 3 potions of mutation {unknown}
Comestibles
 f - 3 rations
 w - a chunk of flesh


   Skills:
 + Level 4.0 Fighting
 + Level 5.5 Axes
 + Level 5.0 Armour
 + Level 2.2 Dodging
 + Level 1.4 Stealth
 + Level 5.0 Shields


You had 7 spell levels left.
You didn't know any spells.

Dungeon Overview and Level Annotations

Branches:
Dungeon (4/15)
 Temple: D:4-7

Altars:
Qazlal
Vehumet


Message History

The ogre hits you with a giant spiked club!!
You hit the ogre.
The ogre is moderately wounded.
The ogre hits you with a giant spiked club!
You are too injured to fight recklessly!
You are too injured to fight recklessly!
You are too injured to fight recklessly!
You are too injured to fight recklessly!
You are too injured to fight recklessly!
You hit the ogre.
The ogre is heavily wounded.
You block the ogre's attack.
You slash the ogre!
The ogre is severely wounded.
The ogre hits you with a giant spiked club!
* * * LOW HITPOINT WARNING * * *
You closely miss the ogre.
The ogre is severely wounded.
The ogre hits you with a giant spiked club!!
You die...

#.................#....
#...#......##...####.##.
#.. ###....##...# #.##.
#. #.....#....# ...#.
#.....+ .# ... #.
#.....# .. #. #>....# #.
####'### #.O@.#
#.$........ #.....[....
###..##...# #### ...#
... ..


You could see an ogre.

Vanquished Creatures
  An ogre (D:3)
  The ghost of MajorAdolf the Chiller, an amateur DsIE (D:3)
  A scorpion (D:4)
  5 gnoll shamans (D:3)
  A hound skeleton (D:4)
  4 adders
  37 gnolls
  An ooze (D:1)
  5 worms
  5 dart slugs
  3 leopard geckos
  An orc (D:2)
  9 bats
  4 giant cockroaches
  8 goblins
  8 hobgoblins
  14 jackals (D:3)
  A quokka (D:2)
  3 ball pythons
  10 frilled lizards
  7 kobolds
  7 rats
136 creatures vanquished.

Notes
Turn   | Place    | Note
-------+----------+-------------------------------------------
     0 | D:1      | Kairos the Human Fighter began the quest for the Orb.
     0 | D:1      | Reached XP level 1. HP: 18/18 MP: 1/1
   103 | D:1      | Reached XP level 2. HP: 24/24 MP: 2/2
   152 | D:1      | Reached XP level 3. HP: 9/29 MP: 3/3
  1208 | D:2      | Found a stormy altar of Qazlal.
  1223 | D:2      | Reached skill level 1 in Dodging
  1223 | D:2      | Reached XP level 4. HP: 33/35 MP: 4/4
  1455 | D:2      | Reached XP level 5. HP: 39/41 MP: 5/5
  1469 | D:2      | Found a radiant altar of Vehumet.
  1641 | D:3      | Noticed an ogre
  1917 | D:3      | Noticed MajorAdolf's ghost (amateur DsIE)
  2606 | D:3      | Killed MajorAdolf's ghost
  2606 | D:3      | Reached XP level 6. HP: 8/47 MP: 6/6
  3432 | D:2      | Reached XP level 7. HP: 22/52 MP: 7/7
  3899 | D:3      | Reached skill level 1 in Stealth
  4459 | D:3      | Reached skill level 5 in Shields
  4562 | D:3      | Reached skill level 5 in Axes
  4562 | D:3      | Reached XP level 8. HP: 55/60 MP: 8/8
  4707 | D:4      | Reached skill level 5 in Armour
  4838 | D:4      | Mangled by an ogre

Skill      XL: |  1  2  3  4  5  6  7  8 |
---------------+-------------------------+-----
Dodging        | 1 2 |  2.2
Armour         | 4 5 |  5.0
Axes           | 3 4 5 |  5.5
Shields        | 4 5 |  5.0
Stealth        | 1 |  1.4
Fighting       | 4 |  4.0

Action                   |  1- 3 |  4- 6 |  7- 9 || total
-------------------------+-------+-------+-------++-------
Melee: War axe           |    99 |   207 |   170 ||   476
  Use: Scroll            |       |    12 |     1 ||    13
  Eat: Chunk             |       |     5 |     2 ||     7
       Ration            |       |     1 |     1 ||     2
Armor: Scale mail        |    86 |   178 |    72 ||   336
Dodge: Dodged            |    49 |   127 |    38 ||   214
Block: Shield            |    62 |   219 |    81 ||   362
